 Dungeon Crawl Stone Soup version 0.31-a0-841-g038b102fc3 (webtiles) character file.

Game seed: 7853821113411319260

49 LeprechaunX the Changeling (level 3, -2/24 HPs)
             Began as an Octopode Shapeshifter on Sept 27, 2023.
             Slain by an adder (3 damage)
             ... on level 3 of the Dungeon.
             The game lasted 00:01:31 (1526 turns).

LeprechaunX the Changeling (Octopode Shapeshifter)  Turns: 1526, Time: 00:01:32

Health: -2/24      AC:  1    Str: 15    XL:     3   Next: 77%
Magic:  3/3        EV: 12    Int: 12    God:
Gold:   137        SH:  3    Dex: 11    Spells: 2/2 levels left

rFire   . .          .
                       - Unarmed
rCold   . . .        k - +0 buckler
rNeg    . . .        (helmet currently unavailable)
rPois   .            (no amulet)
rElec   .            (no ring)
rCorr   .            (no ring)
SInv    .            (no ring)
Will    .....        (no ring)
Stlth   ++           (no ring)
HPRegen 0.24/turn    (no ring)
MPRegen 0.08/turn    (no ring)
                     (no ring)

%: no passive effects
@: lethally poisoned (-2 -> -3), beast-form
A: beast (slay +2), almost no armour, amphibious, 8 rings, camouflage 1,
gelatinous body 1, (nimble swimmer 1), tentacles
a: Begin Untransformation


You were on level 3 of the Dungeon.
You were a hulking beast.
You visited 1 branch of the dungeon, and saw 3 of its levels.

You collected 137 gold pieces.

Inventory:

Hand Weapons
 a - a +0 sling
Missiles
 i - 4 boomerangs
Armour
 k - a +0 buckler (worn)
Talismans
 b - a beast talisman (active)
 c - a flux talisman
Scrolls
 e - a scroll of torment {unknown}
 g - 2 scrolls of identify {unknown}
 h - a scroll of amnesia {unknown}
 m - a scroll of immolation {unknown}
 n - a scroll of fear {unknown}
Potions
 d - a potion of invisibility {unknown}
 f - a potion of ambrosia {unknown}
 j - a potion of brilliance {unknown}
 l - a potion of lignification


   Skills:
 + Level 1.6 Fighting
 + Level 2.4 Dodging
 + Level 0.0 Shields
 + Level 3.3 Unarmed Combat
 * Level 3.6 Shapeshifting


You had 2 spell levels left.
You didn't know any spells.
Your spell library contained the following spells:

 Spells                   Type           Power      Damage    Failure   Level
 Dazzling Flash           Conj/Hex       0%         N/A       80%         3
 Volatile Blastmotes      Fire/Tloc      0%         2d10      80%         3
 Starburst                Conj/Fire      0%         6d3       100%        6
 Maxwell's Capacitive Co  Air            0%         ∞         100%        8


Dungeon Overview and Level Annotations

Branches:
Dungeon (3/15)

Altars:
Elyvilon

Shops:
D:2 !   D:3 *

Annotations:
D:3 Sigmund


Innate Abilities, Weirdness & Mutations

You are a hulking beast.
Your limbs bulge with bestial killing power. (Slay +2)
You cannot wear most types of armour.
You are amphibious.
You can wear up to eight rings at the same time.
Your skin changes colour to match your surroundings (Stealth+).
Your rubbery body absorbs attacks. (AC +1, EV +1)
((You are camouflaged when in or above water. (Stealth+)))
You have tentacles for arms and can constrict up to eight enemies at once.


Message History

The orc is severely wounded.
The orc hits you with a +0 hand axe! The orc misses you.
You tentacle-slap the orc.
You kill the orc!
An orc comes into view. It is wielding a +0 falchion.
You closely miss the orc priest. You grab the orc priest.
You constrict the orc priest. The adder misses you.
The orc priest hits you with a +2 short sword of venom.
You are poisoned.
You completely miss the orc priest. You squeeze the orc priest.
The orc priest is moderately wounded.
You constrict the orc priest.
You feel sick. The adder bites you.
You are more poisoned.
The adder poisons you!
The orc priest hits you with a +2 short sword of venom.
* * * LOW HITPOINT WARNING * * *
You release your grip on the orc priest.
* * * LOW HITPOINT WARNING * * *
You feel sick.
The orc wizard mumbles some strange words.
The orc wizard flickers and vanishes!
Deactivating autopickup; reactivate with Ctrl-A.
* * * LOW HITPOINT WARNING * * *
You feel sick. The adder misses you.
* * * LOW HITPOINT WARNING * * *
You feel sick.
Sigmund mumbles some strange words.
Sigmund flickers and vanishes!
* * * LOW HITPOINT WARNING * * *
You feel sick. The adder attacks as it pursues you!
The adder barely misses you.
* * * LOW HITPOINT WARNING * * *
You feel sick. The adder closely misses you.
* * * LOW HITPOINT WARNING * * *
You feel sick.
There is a stone staircase leading up here.
* * * LOW HITPOINT WARNING * * *
You feel sick. You block the adder's attack. The adder misses you.
The adder bites you.
You die...

#..........#.#...
#.........o......
##........##
#.......{..#
#..........#
#..........#.
#.......!....#
#.oSS........#
##.h.........#
##......##.?#
######.# ...# ..#
... #∩# ..


You could see an orc priest, 2 adders and an orc.

Vanquished Creatures
  An adder (D:2)
  A worm (D:2)
  An orc (D:3)
  3 bats
  7 endoplasms (D:1)
  A giant cockroach (D:1)
  3 goblins (D:1)
  2 hobgoblins (D:1)
  3 jackals (D:1)
  A kobold (D:2)
  6 ball pythons (D:1)
  A frilled lizard (D:1)
  4 rats (D:1)
34 creatures vanquished.

Notes
Turn   | Place    | Note
-------+----------+-------------------------------------------
     0 | D:1      | LeprechaunX the Octopode Shapeshifter began the quest for
                  | the Orb.
     0 | D:1      | Reached XP level 1. HP: 13/13 MP: 1/1
   139 | D:1      | Reached XP level 2. HP: 14/18 MP: 2/2
   377 | D:1      | Reached XP level 3. HP: 23/23 MP: 3/3
   614 | D:1      | Found a faded altar of an unknown god.
   939 | D:2      | Found Pihi's Distillery.
  1129 | D:2      | Found a white marble altar of Elyvilon.
  1510 | D:3      | Found Dicwowk's Assorted Antiques.
  1510 | D:3      | Noticed Sigmund
  1525 | D:3      | HP: 1/24 [poisoned by an adder]
  1526 | D:3      | Slain by an adder

Illustrated notes

Levels and vault maps discovered:
D:1:      spicycebolla_green_bress_n_ham, layout_rooms,
          chequers_ecumenical_altar_island, minmay_tromino_v4_a
D:2:      layout_basic, basic_altar, serial_shops, shop
D:3:      corexii_shack_village, layout_rooms, serial_shops, shop, uniq_sigmund,
          uniq_terence, uniq_ijyb

Action                     || total
---------------------------++-------
  Melee: Unarmed           ||    65
         Tentacles         ||    18
         Constrict         ||    16
   Stab: Sleeping          ||     3
 Armour: Skin              ||    25
  Dodge: Dodged            ||    46
  Block: Buckler           ||     1

Table legend: (Time is in decaauts)
 A = Elapsed time spent in this place.
 B = Non-inter-level travel time spent in this place.
 C = Inter-level travel time spent in this place.
 D = Time resting spent in this place.
 E = Time spent auto-exploring this place.
 F = Levels seen in this place.
 G = Mean time per level.
                   A        B        C        D        E       F      G
               +--------+--------+--------+--------+--------+-----+--------+
         Total |   1521 |   1426 |     95 |      0 |   1226 |   3 |  507.0 |
       Dungeon |   1521 |   1426 |     95 |      0 |   1226 |   3 |  507.0 |
               +--------+--------+--------+--------+--------+-----+--------+

Top non-repeatable levels by time:
     D:2: 844 daAuts
     D:1: 659 daAuts
     D:3: 17 daAuts
